 Dungeon Sprint DCSS version 0.19.1 (webtiles) character file.

212302 equalderp2856 the Sabretooth (level 15, -10/94 HPs)
             Began as a Felid Fighter on Nov 27, 2016.
             Was the Champion of Nemelex Xobeh.
             Killed from afar by a hellion (17 damage)
             ... with damnation
             ... summoned by the player character
             ... in the Dungeon (Sprint IX: "|||||||||||||||||||||||||||||").
             The game lasted 01:44:46 (23340 turns).

equalderp2856 the Sabretooth (Felid Fighter)       Turns: 23340, Time: 01:44:46

Health: -10/94     AC:  3    Str: 12    XL:     15   Next: 91%
Magic:  38/39      EV: 47    Int: 12    God:    Nemelex Xobeh [******]
Gold:   798        SH:  0    Dex: 24    Spells: 5 memorised, 44 levels left
                                        Lives:  0   Deaths: 5

rFire  . . .     SeeInvis +       - Unarmed
rCold  + . .     Gourm    +     (armour unavailable)
rNeg   . . .     Faith    .     (shield unavailable)
rPois  .         Spirit   .     (helmet unavailable)
rElec  .         Reflect  .     (cloak unavailable)
rCorr  .         Harm     .     (gloves unavailable)
MR     ++...     NoTele   +     (boots unavailable)
Stlth  ++++++++++               Y - amulet "Urruwn" {Gourm Stlth+}
                                v - +6 ring of dexterity
                                E - +4 ring of evasion

@: quick
A: no armour, no weapons or thrown items, stealth, claws 1, fangs 3, see
invisible, carnivore 3, speed 1, shaggy fur 3, slow metabolism 1, weak 1, sharp
paws
a: Triple Draw, Deal Four, Stack Five, Renounce Religion
}: 6/15 runes: decaying, serpentine, barnacled, silver, abyssal, gossamer


You were in the Dungeon.
You worshipped Nemelex Xobeh.
Nemelex Xobeh was exalted by your worship.
You were not hungry.

You visited 1 branch You collected 1974 gold pieces.
You spent 1176 gold pieces at shops.

Inventory:

Jewellery
 d - the ring of the Equinox {rElec rPois SInv}
   (You found it in the Dungeon)

   [ring of see invisible]

   It insulates you from electricity.
   It protects you from poison.
   It lets you see invisible.
 h - the amulet of the Thoughtful Hells {Spirit rF+ Int+2 Slay+3}
   (You found it in the Dungeon)

   [amulet of guardian spirit]

   It causes incoming damage to be split between your health and magic.
   It affects your intelligence (+2).
   It affects your accuracy and damage with ranged weapons and melee attacks
   (+3).
   It protects you from fire.
 n - a +2 ring of evasion
 o - a +2 ring of protection
 v - a +6 ring of dexterity (right paw)
 A - an uncursed ring of protection from cold
 B - an uncursed ring of fire
 C - an uncursed amulet of regeneration
 D - an uncursed ring of poison resistance
 E - a +4 ring of evasion (left paw)
 L - a +2 ring of slaying
 M - an uncursed ring of wizardry
 N - an uncursed amulet of regeneration
 X - the amulet "Vynor" {Spirit rC+ Str+3 Int+2}
   (You found it in the Dungeon)

   [amulet of guardian spirit]

   It causes incoming damage to be split between your health and magic.
   It affects your strength (+3).
   It affects your intelligence (+2).
   It protects you from cold.
 Y - the amulet "Urruwn" (around neck) {Gourm Stlth+}
   (You found it in the Dungeon)

   [amulet of the gourmand]

   It allows you to eat raw meat even when not hungry.
   It makes you more stealthy.
 Z - the ring of Xawytz {rPois Stlth+}
   (You found it in the Dungeon)

   [ring of poison resistance]

   It protects you from poison.
   It makes you more stealthy.
Wands
 m - a wand of acid (3/15)
 u - a wand of hasting (5/9)
Scrolls
 k - 6 scrolls of remove curse
 l - 2 scrolls of amnesia
 r - 5 scrolls of identify
 s - 9 scrolls of fog
 T - 4 scrolls of recharging
Potions
 a - 3 potions of might
 c - a potion of curing
 e - 2 potions of haste
 f - 5 potions of magic
 g - 5 potions of berserk rage
 i - a potion of mutation {unknown}
 j - a potion of invisibility
 p - 2 potions of agility
 F - 3 potions of resistance
 H - a potion of lignification {unknown}
 I - 2 potions of brilliance
 Q - 2 potions of cure mutation
Books
 w - a book of Minor Magic

   Spells                             Type                      Level
   a - Magic Dart                     Conjuration                  1
   b - Blink                          Translocation                2
   c - Call Imp                       Summoning                    2
   d - Repel Missiles                 Charms/Air                   2
   e - Slow                           Hexes                        2
   f - Conjure Flame                  Conjuration/Fire             3
   g - Mephitic Cloud                 Conjuration/Poison/Air       3
 x - a book of Cantrips

   Spells                             Type                      Level
   a - Confusing Touch                Hexes                        1
   b - Animate Skeleton               Necromancy                   1
   c - Summon Small Mammal            Summoning                    1
   d - Apportation                    Translocation                1
Miscellaneous
 t - an ornate deck of escape
 y - a legendary deck of escape
 z - a legendary deck of summoning {drawn: 2}
 G - an ornate deck of destruction
 J - a legendary deck of destruction {drawn: 3}
 K - an ornate deck of destruction
 O - an ornate deck of summoning {drawn: 6}
 P - a legendary deck of escape {drawn: 7}
 R - an ornate deck of summoning
 S - an ornate deck of summoning
 U - an ornate deck of destruction
 V - a legendary deck of escape
 W - an ornate deck of escape {drawn: 1}
Comestibles
 q - 10 meat rations


   Skills:
 + Level 26.5 Fighting
 O Level 27 Dodging
 O Level 27 Stealth
 O Level 27 Unarmed Combat
 + Level 19.3 Spellcasting
 + Level 1.1 Hexes
 + Level 13.7 Charms
 + Level 13.3 Necromancy
 + Level 11.6 Translocations
 + Level 8.7 Air Magic
 O Level 27 Invocations
 + Level 15.0 Evocations


You had 44 spell levels left.
You knew the following spells:

 Your Spells              Type           Power        Failure   Level  Hunger
a - Repel Missiles        Chrm/Air       #####.       1%          2    None
b - Blink                 Tloc           N/A          1%          2    None
c - Confusing Touch       Hex            ##....       3%          1    None
d - Animate Skeleton      Necr           N/A          1%          1    None
e - Slow                  Hex            ##......     6%          2    None


Dungeon Overview and Level Annotations

Branches:
Dungeon (1/1)

Altars:
Cheibriados
Dithmenos
Elyvilon
Fedhas
Gozag
Hepliaklqana
Kikubaaqudgha
Makhleb
Nemelex Xobeh
Okawaru
Qazlal
Ru
Sif Muna
Trog
Uskayaw
Vehumet
Xom
Yredelemnul
Zin
The Shining One
Beogh
Jiyva
Lugonu

Shops:
D %:![

Annotations:
D Antaeus, Cerebov, Ereshkigal, Lom Lobon


Innate Abilities, Weirdness & Mutations

You cannot wear armour.
You are incapable of wielding weapons or throwing items.
Your paws allow you to move quietly. (Stealth)
You have sharp claws.
You have razor-sharp teeth.
You have supernaturally acute eyesight. (SInv)
You are carnivorous and can eat meat at any time.
You cover ground quickly.
Your thick and shaggy fur keeps you warm. (AC +3, rC+)
You have a slow metabolism.
Your sharp claws are effective at attacking unaware monsters.
You are weak. (Str -2)


Message History

You claw the hellion! You bite the hellion, but do no damage.
The hellion is heavily wounded.
The greater mummy calls on the powers of darkness!
Your body is wracked with pain!
* * * LOW HITPOINT WARNING * * *
Casting: Blink
Confirm with . or Enter, or press ? or * to list all spells.
You blink.
The hellion gestures at you.
The sphere of damnation explodes!
The damnation engulfs you!
* * * LOW HITPOINT WARNING * * *
Casting: Blink
Confirm with . or Enter, or press ? or * to list all spells.
Okay, then.
Evoke which item? (* to show all) (? for menu, Esc to quit)
You draw a card...
It is the Pentagram.
The hellion gestures at you.
The sphere of damnation explodes!
The damnation engulfs you!
You die...
Your body glows with a rainbow of weird colours and disappears.

▓▓▓▓▓▓▓▓▓▓▓▓▓▓▓▓▓▓▓▓▓▓▓▓▓▓▓▓▓▓▓▓▓
.&φ&&1'C'.§....}........}........
▓▓▓▓▓▓▓▓▓▓▓▓▓▓▓▓▓▓▓▓▓▓▓▓▓▓▓▓▓▓▓▓▓
..M........2..2.@&...............
▓▓▓▓▓▓▓▓▓▓▓▓▓▓▓▓▓▓▓▓▓▓▓▓▓▓▓▓▓▓▓▓▓


..}§.WMMZMM ▓▓▓▓▓▓▓▓▓▓▓▓▓▓▓▓▓▓▓▓▓▓▓▓▓▓▓▓▓▓▓▓▓ .................................
▓▓▓▓▓▓▓▓▓▓▓▓▓▓▓▓▓▓▓▓▓▓▓▓▓♣♣♣♣♣♣♣♣ You could see a hellion, the friendly Fosunuet
and a friendly balrug.

Vanquished Creatures
  An orb of fire (D)
  Mara (D)
  3 ancient liches (D)
  Sojobo (D)
  2 greater mummies (D)
  Boris (D)
  Frederick (D)
  Margery (D)
  Geryon (D)
  2 golden dragons (D)
  Nikola (D)
  An electric golem (D)
  Rupert (D)
  3 tentacled monstrosities (D)
  11 Orb Guardians (D)
  A titan (D)
  2 sphinxes (D)
  Gastronok (D)
  2 storm dragons (D)
  2 death cobs (D)
  Kirke (D)
  7 shadow dragons (D)
  5 nagarajas (D)
  2 tengu reavers (D)
  Ilsuiw (D)
  A frost giant (D)
  A draconian knight (D)
  4 vault wardens (D)
  5 ghost moths (D)
  3 emperor scorpions (D)
  Louise (D)
  A draconian shifter (D)
  2 stone giants (D)
  A draconian annihilator (D)
  2 entropy weavers (D)
  An ironheart preserver (D)
  A white draconian (D)
  3 black draconians (D)
  2 dire elephants (D)
  A purple draconian (D)
  2 mottled draconians (D)
  2 ettins (D)
  A fire dragon (D)
  6 merfolk javelineers (D)
  Josephine (D)
  3 merfolk impalers (D)
  3 yaktaur captains (D)
  Erolcha (D)
  2 great orbs of eyes (D)
  25 vault guards (D)
  6 hydras (D)
  3 ogre magi (D)
  A rakshasa (D)
  2 ice dragons (D)
  A centaur warrior (D)
  4 merfolk aquamancers (D)
  An alligator (D)
  A deep troll earth mage (D)
  A vampire mage (D)
  A spriggan berserker (D)
  A sun demon (D)
  A wretched star (D)
  A shadow wraith (D)
  A sea snake (D)
  A glowing orange brain (D)
  5 hell knights (D)
  8 swamp dragons (D)
  A large abomination (D)
  A hill giant (D)
  An orc knight (D)
  2 ironbrand convokers (D)
  A necromancer (D)
  2 wolf spiders (D)
  A deep elf mage (D)
  A shining eye (D)
  A manticore (D)
  A siren (D)
  7 elephants (D)
  9 moths of wrath (D)
  Joseph (D)
  4 vault sentinels (D)
  2 guardian serpents (D)
  A smoke demon (D)
  4 naga magi (D)
  A torpor snail (D)
  2 black mambas (D)
  3 spiny frogs (D)
  A yaktaur (D)
  An efreet (D)
  2 demonic crawlers (D)
  2 freezing wraiths (D)
  A wandering mushroom (D)
  A guardian mummy (D)
  2 jumping spiders (D)
  A tyrant leech (D)
  6 two-headed ogres (D)
  A hornet (D)
  A troll (D)
  2 blink frogs (D)
  A bog body (D)
  A hippogriff (D)
  A water elemental (D)
  A tarantella (D)
  4 wraiths (D)
  2 redbacks (D)
  A yak (D)
  A hog (D)
  A basilisk (D)
  2 fire elementals (D)
  2 neqoxecs (D)
  A hungry ghost (D)
  A vampire mosquito (D)
  4 nagas (D)
  An ice beast (D)
  A floating eye (D)
  A water moccasin (D)
  3 porcupines (D)
  3 swamp drakes (D)
  9 orc warriors (D)
  A sky beast (D)
  8 ogres (D)
  2 crocodiles (D)
  3 bullfrogs (D)
  A crimson imp (D)
  2 orc priests (D)
  3 orc wizards (D)
  2 worker ants (D)
  An ooze (D)
  An adder zombie (D)
  2 adder skeletons (D)
  A dart slug (D)
  4 orcs (D)
  2 bats (D)
  A bat zombie (D)
  2 hobgoblins (D)
  A kobold (D)
  A leopard gecko zombie (D)
315 creatures vanquished.

Vanquished Creatures (collateral kills)
  Xtahua (D)
  3 Orb Guardians (D)
  A titan (D)
  A sphinx (D)
  A death cob (D)
  A fire giant (D)
  A vault warden (D)
  A frost giant (D)
  2 stone giants (D)
  A very ugly thing (D)
  A green draconian (D)
  A vampire knight (D)
  A black draconian (D)
  Azrael (D)
  A purple draconian (D)
  A red draconian (D)
  A white draconian (D)
  A mottled draconian (D)
  An ettin (D)
  4 ice dragons (D)
  2 yaktaur captains (D)
  3 fire dragons (D)
  A hydra (D)
  A merfolk aquamancer (D)
  An alligator snapping turtle (D)
  An ogre mage (D)
  A death yak (D)
  A death knight (D)
  2 deep troll shamans (D)
  An alligator (D)
  A spriggan berserker (D)
  A shock serpent (D)
  A deep troll (D)
  An orc knight (D)
  An orc sorcerer (D)
  A deep elf mage (D)
  A cyclops (D)
  2 moths of wrath (D)
  2 guardian serpents (D)
  2 black mambas (D)
  A spiny frog (D)
  A yaktaur (D)
  A demonic crawler (D)
  A freezing wraith (D)
  A merfolk (D)
  2 jumping spiders (D)
  A hornet (D)
  A wind drake (D)
  A slime creature (D)
  A bog body (D)
  A snapping turtle (D)
  2 redbacks (D)
  A wraith (D)
  A tarantella (D)
  A basilisk (D)
  A naga (D)
  A mottled dragon (D)
  An orc warrior (D)
  A bullfrog (D)
  An orc priest (D)
75 creatures vanquished.

Vanquished Creatures (others)
  A war gargoyle (D)
  A green draconian (D)
  A deep troll earth mage (D)
  A mana viper (D)
  An ironbrand convoker (D)
  2 black mambas (D)
  4 humans (D)
  A swamp drake (D)
  An orc (D)
13 creatures vanquished.

Grand Total: 403 creatures vanquished

Notes
Turn   | Place    | Note
-------+----------+-------------------------------------------
     0 | D        | equalderp2856 the Felid Fighter began the quest for the Orb.
     0 | D        | Reached XP level 1. HP: 10/10 MP: 2/2
   106 | D        | Noticed a worker ant
   106 | D        | Noticed an ogre
   106 | D        | Noticed an ogre
   110 | D        | Killed an ogre
   110 | D        | Reached XP level 2. HP: 15/15 MP: 3/3
   110 | D        | Reached XP level 3. HP: 19/19 MP: 4/4
   110 | D        | Reached XP level 4. HP: 22/22 MP: 5/5
   115 | D        | Killed an ogre
   115 | D        | Reached skill level 5 in Fighting
   115 | D        | Reached XP level 5. HP: 27/27 MP: 6/6
   132 | D        | Found a roughly hewn altar of Beogh.
   132 | D        | Found a snail-covered altar of Cheibriados.
   132 | D        | Found a shadowy altar of Dithmenos.
   132 | D        | Found a white marble altar of Elyvilon.
   132 | D        | Found a blossoming altar of Fedhas.
   132 | D        | Found an opulent altar of Gozag.
   133 | D        | Found a hazy altar of Hepliaklqana.
   134 | D        | Found a viscous altar of Jiyva.
   135 | D        | Found an ancient bone altar of Kikubaaqudgha.
   136 | D        | Found a corrupted altar of Lugonu.
   137 | D        | Found a burning altar of Makhleb.
   138 | D        | Found a sparkling altar of Nemelex Xobeh.
   139 | D        | Found an iron altar of Okawaru.
   140 | D        | Found a stormy altar of Qazlal.
   145 | D        | Found a sacrificial altar of Ru.
   146 | D        | Found a deep blue altar of Sif Muna.
   147 | D        | Found a bloodstained altar of Trog.
   148 | D        | Found a hide-covered altar of Uskayaw.
   149 | D        | Found a radiant altar of Vehumet.
   150 | D        | Found a shimmering altar of Xom.
   151 | D        | Found a basalt altar of Yredelemnul.
   154 | D        | Became a worshipper of Nemelex Xobeh the Trickster
   157 | D        | Found a glowing silver altar of Zin.
   158 | D        | Found a glowing golden altar of the Shining One.
   160 | D        | Received a gift from Nemelex Xobeh
   194 | D        | Noticed a sky beast
   194 | D        | Noticed a wraith
   194 | D        | Noticed a hill giant
   215 | D        | Killed a hill giant
   215 | D        | Gained mutation: You are covered in thick fur. (AC +2) [Felid growth]
   215 | D        | Reached XP level 6. HP: 33/33 MP: 7/7
   223 | D        | Killed a wraith
   223 | D        | Reached skill level 10 in Dodging
   223 | D        | Reached XP level 7. HP: 29/36 MP: 8/8
   291 | D        | Noticed a four-headed hydra
   291 | D        | Noticed a seven-headed hydra
   298 | D        | Killed a seven-headed hydra
   298 | D        | Reached skill level 1 in Invocations
   298 | D        | Reached XP level 8. HP: 40/41 MP: 9/9
  1600 | D        | Killed a four-headed hydra
  1600 | D        | Reached skill level 15 in Unarmed Combat
  1800 | D        | Reached * piety under Nemelex Xobeh
  1860 | D        | Reached ** piety under Nemelex Xobeh
  1865 | D        | Received a gift from Nemelex Xobeh
  1910 | D        | Noticed a spiny frog
  1910 | D        | Noticed a blink frog
  1911 | D        | Noticed a black mamba
  1926 | D        | Killed a blink frog
  1933 | D        | Reached XP level 9. HP: 39/45 MP: 11/11
  1949 | D        | Killed a spiny frog
  1970 | D        | Killed a black mamba
  1970 | D        | Reached skill level 5 in Stealth
  2086 | D        | Noticed a spiny frog
  2086 | D        | Noticed a black mamba
  2089 | D        | Killed a black mamba
  2092 | D        | Noticed a spiny frog
  2095 | D        | Killed a spiny frog
  2103 | D        | Reached XP level 10. HP: 40/49 MP: 13/13
  2106 | D        | Killed a spiny frog
  2112 | D        | Received a gift from Nemelex Xobeh
  2171 | D        | Noticed an elephant
  2171 | D        | Noticed an elephant
  2171 | D        | Noticed a dire elephant
  2171 | D        | Noticed an elephant
  2171 | D        | Noticed an elephant
  2171 | D        | Noticed an elephant
  2172 | D        | Noticed an elephant
  2204 | D        | Killed a dire elephant
  2208 | D        | Killed an elephant
  2215 | D        | Killed an elephant
  2219 | D        | Killed an elephant
  2219 | D        | Reached skill level 10 in Fighting
  2219 | D        | Reached skill level 15 in Dodging
  2393 | D        | Killed an elephant
  2553 | D        | Killed an elephant
  2561 | D        | Killed an elephant
  2581 | D        | Noticed an elephant
  2593 | D        | Killed an elephant
  2713 | D        | Reached *** piety under Nemelex Xobeh
  2749 | D        | Noticed Joseph
  2767 | D        | Killed Joseph
  2767 | D        | Reached XP level 11. HP: 54/54 MP: 14/14
  2784 | D        | Received a gift from Nemelex Xobeh
  2812 | D        | Noticed an orc knight
  2815 | D        | Noticed an orc knight
  2830 | D        | an orc knight changed into a redback
  2830 | D        | an orc knight changed into a moth of wrath
  2983 | D        | Noticed an orc knight
  3043 | D        | Noticed an orc sorcerer
  3060 | D        | Killed an orc knight
  3065 | D        | Noticed an orc knight
  3072 | D        | Killed an orc sorcerer
  3077 | D        | Killed an orc knight
  3310 | D        | Reached **** piety under Nemelex Xobeh
  3310 | D        | Received a gift from Nemelex Xobeh
  3310 | D        | Found Ruor Bemp's Armour Boutique.
  3316 | D        | Found Weexzuq's Distillery.
  3320 | D        | Noticed an ogre mage
  3325 | D        | Found Silen's Book Boutique.
  3337 | D        | Killed an ogre mage
  3338 | D        | Found Deanaesui's Food Shop.
  3463 | D        | Reached skill level 10 in Stealth
  3613 | D        | Bought a book of Minor Magic for 280 gold pieces
  3613 | D        | Bought a book of Cantrips for 280 gold pieces
  3619 | D        | Learned a level 2 spell: Repel Missiles
  3622 | D        | Learned a level 2 spell: Blink
  3624 | D        | Learned a level 1 spell: Confusing Touch
  3626 | D        | Learned a level 1 spell: Animate Skeleton
  3648 | D        | Received a gift from Nemelex Xobeh
  3662 | D        | Noticed Josephine
  3677 | D        | Killed Josephine
  3823 | D        | Noticed Erolcha
  3838 | D        | Paralysed by Erolcha for 4 turns
  3845 | D        | Killed Erolcha
  3903 | D        | Received a gift from Nemelex Xobeh
  3915 | D        | Reached ***** piety under Nemelex Xobeh
  3943 | D        | Received a gift from Nemelex Xobeh
  3972 | D        | Noticed a death knight
  3973 | D        | Noticed a deep elf mage
  3977 | D        | Noticed an ogre mage
  3987 | D        | Noticed a sixfirhy
  3991 | D        | Noticed a cacodemon
  3991 | D        | Killed a death knight
  4013 | D        | Killed a deep elf mage
  4019 | D        | Killed an ogre mage
  4019 | D        | Gained mutation: Your thick and shaggy fur keeps you warm. (AC +3, rC+) [Felid growth]
  4019 | D        | Reached XP level 12. HP: 38/59 MP: 16/16
  4027 | D        | Noticed a fire dragon
  4028 | D        | Noticed a yaktaur captain
  4031 | D        | Noticed an ettin
  4032 | D        | Noticed a fire dragon
  4040 | D        | Killed a yaktaur captain
  4040 | D        | Reached skill level 5 in Invocations
  4040 | D        | Killed a fire dragon
  4050 | D        | Noticed an ogre mage
  4187 | D        | Killed an ettin
  4249 | D        | Killed a fire dragon
  4385 | D        | Killed an ogre mage
  4405 | D        | Received a gift from Nemelex Xobeh
  4493 | D        | Noticed Gastronok
  4495 | D        | Received a gift from Nemelex Xobeh
  4505 | D        | Killed Gastronok
  4600 | D        | Received a gift from Nemelex Xobeh
  4619 | D        | Noticed a hell beast
  4664 | D        | Noticed an alligator
  4735 | D        | Killed an alligator
  4865 | D        | Reached skill level 1 in Evocations
  5176 | D        | Reached skill level 1 in Spellcasting
  5204 | D        | Noticed an entropy weaver
  5236 | D        | Killed an entropy weaver
  5236 | D        | Reached skill level 1 in Charms
  5236 | D        | Reached skill level 1 in Necromancy
  5236 | D        | Reached skill level 1 in Air Magic
  5356 | D        | Noticed a merfolk impaler
  5388 | D        | HP: 2/60 [merfolk impaler/demon trident of flaming (25)]
  5388 | D        | Slain by a merfolk impaler
  5389 | D        | Reached XP level 11. HP: -1/55 MP: 16/16
  5666 | D        | Killed a merfolk impaler
  5666 | D        | Reached XP level 12. HP: 60/60 MP: 16/18
  5870 | D        | Noticed a merfolk aquamancer
  5871 | D        | Noticed an alligator snapping turtle
  5993 | D        | Killed a merfolk aquamancer
  6131 | D        | Noticed a dire elephant
  6131 | D        | an alligator snapping turtle changed into a dire elephant
  6132 | D        | a dire elephant changed into a deep troll
  6138 | D        | Reached skill level 1 in Translocations
  6185 | D        | Reached ****** piety under Nemelex Xobeh
  6185 | D        | Received a gift from Nemelex Xobeh
  6385 | D        | Received a gift from Nemelex Xobeh
  6395 | D        | Noticed Kirke
  6398 | D        | Noticed Azrael
  6411 | D        | Killed Kirke
  6526 | D        | Killed Azrael
  6526 | D        | Reached skill level 5 in Spellcasting
  6661 | D        | Noticed Rupert
  6713 | D        | Paralysed by Rupert for 3 turns
  6745 | D        | Killed Rupert
  6789 | D        | Received a gift from Nemelex Xobeh
  6820 | D        | Noticed a vampire knight
  6820 | D        | Noticed a frost giant
  6820 | D        | Noticed an ettin
  6820 | D        | Noticed a rakshasa
  6820 | D        | Noticed a vampire mage
  6821 | D        | Received a gift from Nemelex Xobeh
  6821 | D        | Noticed a sphinx
  6822 | D        | Killed a vampire mage
  6826 | D        | Killed a rakshasa
  6842 | D        | Killed a frost giant
  6843 | D        | Noticed a stone giant
  6849 | D        | Killed an ettin
  6850 | D        | Noticed a fire giant
  6854 | D        | Killed a vampire knight
  6857 | D        | Killed a sphinx
  6859 | D        | Killed a stone giant
  6862 | D        | Killed a fire giant
  6866 | D        | Noticed a deep troll shaman
  6872 | D        | Reached skill level 5 in Necromancy
  6890 | D        | Killed a deep troll shaman
  6903 | D        | Noticed a yaktaur captain
  6904 | D        | Noticed a stone giant
  6905 | D        | Noticed a deep troll earth mage
  6908 | D        | Noticed a deep troll earth mage
  6909 | D        | Noticed a frost giant
  6915 | D        | Killed a yaktaur captain
  6915 | D        | Reached XP level 13. HP: 54/63 MP: 22/22
  7005 | D        | Killed a stone giant
  7198 | D        | Reached skill level 10 in Invocations
  7366 | D        | Killed a frost giant
  7511 | D        | Noticed a vault warden
  7512 | D        | Noticed an entropy weaver
  7513 | D        | Killed a vault warden
  7513 | D        | Reached skill level 15 in Stealth
  7575 | D        | Noticed a fire dragon
  7575 | D        | an entropy weaver changed into a fire dragon
  7581 | D        | Killed a fire dragon
  7605 | D        | Noticed a vault warden
  7612 | D        | Noticed a vault warden
  7776 | D        | Killed a vault warden
  7785 | D        | Noticed a stone giant
  7788 | D        | Noticed an entropy weaver
  7797 | D        | Killed a vault warden
  7809 | D        | Killed a stone giant
  7809 | D        | Reached skill level 1 in Hexes
  7811 | D        | Killed an entropy weaver
  7928 | D        | Received a gift from Nemelex Xobeh
  7987 | D        | Noticed a tengu reaver
  7988 | D        | Noticed Sojobo
  7991 | D        | Noticed a tengu reaver
  7994 | D        | Killed a tengu reaver
  7996 | D        | Killed Sojobo
  7996 | D        | Reached XP level 14. HP: 67/67 MP: 23/25
  8000 | D        | Killed a tengu reaver
  8004 | D        | Received a gift from Nemelex Xobeh
  8041 | D        | Received a gift from Nemelex Xobeh
  8087 | D        | Received a gift from Nemelex Xobeh
  8155 | D        | Noticed Frederick
  8156 | D        | Received a gift from Nemelex Xobeh
  8160 | D        | Killed from afar by Frederick
  8161 | D        | Reached XP level 13. HP: -26/63 MP: 24/24
  8161 | D        | Received a gift from Nemelex Xobeh
  8216 | D        | Received a gift from Nemelex Xobeh
  8240 | D        | Received a gift from Nemelex Xobeh
  8267 | D        | Got the amulet "Vynor" {Spirit rC+ Str+3 Int+2}
  8269 | D        | Got the amulet "Urruwn" {Gourm Stlth+}
  8271 | D        | Got the ring of Xawytz {rPois Stlth+}
  8318 | D        | Received a gift from Nemelex Xobeh
  8348 | D        | Received a gift from Nemelex Xobeh
  8388 | D        | Received a gift from Nemelex Xobeh
  8404 | D        | Noticed Xtahua
  8407 | D        | Noticed Boris
  8439 | D        | Killed Xtahua
  8439 | D        | Reached skill level 15 in Invocations
  8534 | D        | Killed Boris
  8719 | D        | Noticed Mara
  8736 | D        | Noticed equalderp2856's illusion
  8754 | D        | Killed Mara
  8976 | D        | Noticed Nikola
  8980 | D        | Received a gift from Nemelex Xobeh
  8983 | D        | Killed Nikola
  9009 | D        | Received a gift from Nemelex Xobeh
  9009 | D        | Noticed a white very ugly thing
  9009 | D        | Noticed a fire dragon
  9012 | D        | Reached skill level 27 in Unarmed Combat
  9618 | D        | Killed a fire dragon
  9656 | D        | Paralysed by a floating eye for 2 turns
  9749 | D        | Killed a white very ugly thing
  9809 | D        | Noticed a green draconian
  9809 | D        | Noticed a storm dragon
  9809 | D        | Noticed a green draconian
  9809 | D        | Noticed a storm dragon
  9810 | D        | Noticed a yellow draconian
  9811 | D        | Killed a storm dragon
  9811 | D        | Reached XP level 14. HP: 67/67 MP: 26/28
  9871 | D        | a storm dragon changed into a spark wasp
 10082 | D        | Noticed a ghost moth
 10082 | D        | a green draconian changed into a ghost moth
 10086 | D        | Killed a ghost moth
 10110 | D        | Noticed a ghost moth
 10110 | D        | a yellow draconian changed into a ghost moth
 10113 | D        | Killed a ghost moth
 10316 | D        | Noticed an electric golem
 10316 | D        | Noticed a tentacled monstrosity
 10318 | D        | Killed a tentacled monstrosity
 10324 | D        | Killed an electric golem
 10342 | D        | Noticed a golden dragon
 10342 | D        | Noticed a yellow draconian knight
 10342 | D        | Noticed a tentacled monstrosity
 10342 | D        | Noticed a red draconian shifter
 10342 | D        | Noticed a shadow dragon
 10344 | D        | Killed a shadow dragon
 10345 | D        | Noticed a death cob
 10346 | D        | Killed a red draconian shifter
 10359 | D        | Killed a tentacled monstrosity
 10400 | D        | Killed a yellow draconian knight
 10511 | D        | Received a gift from Nemelex Xobeh
 10514 | D        | Killed a golden dragon
 10549 | D        | Killed a death cob
 10717 | D        | Noticed a death cob
 10718 | D        | Noticed a white draconian monk
 10797 | D        | Noticed a storm dragon
 10797 | D        | a red draconian changed into a storm dragon
 10812 | D        | Killed a storm dragon
 10812 | D        | Reached XP level 15. HP: 25/71 MP: 31/31
 10834 | D        | Killed a death cob
 10879 | D        | a white draconian monk changed into a dire elephant
 11105 | D        | Noticed a ghost moth
 11105 | D        | a black draconian changed into a ghost moth
 11110 | D        | Killed a ghost moth
 11505 | D        | Got the ring of the Equinox {rElec rPois SInv}
 11507 | D        | Got the amulet of the Thoughtful Hells {Spirit rF+ Int+2 Slay+3}
 11595 | D        | Noticed a golden dragon
 11595 | D        | Noticed a shadow dragon
 11595 | D        | Noticed an ancient lich
 11595 | D        | Noticed a shadow dragon
 11595 | D        | Noticed a shadow dragon
 11596 | D        | Noticed an ancient lich
 11597 | D        | Killed a golden dragon
 11598 | D        | Noticed a shadow dragon
 11599 | D        | Killed a shadow dragon
 11601 | D        | Killed an ancient lich
 11605 | D        | Noticed a Brimstone Fiend
 11980 | D        | Killed an ancient lich
 11994 | D        | Killed a shadow dragon
 11994 | D        | Reached skill level 27 in Stealth
 12034 | D        | Killed a shadow dragon
 12045 | D        | Killed a shadow dragon
 12045 | D        | Reached skill level 10 in Spellcasting
 12050 | D        | Got a silver rune of Zot
 12064 | D        | Noticed a shadow dragon
 12064 | D        | Noticed a vault warden
 12064 | D        | Noticed a shadow dragon
 12166 | D        | Killed a shadow dragon
 12259 | D        | Killed a vault warden
 12286 | D        | Killed a shadow dragon
 12289 | D        | Noticed a greater mummy
 12560 | D        | Killed a greater mummy
 12560 | D        | Reached XP level 16. HP: 39/76 MP: 33/33
 13462 | D        | Noticed a titan
 13479 | D        | Killed a titan
 13654 | D        | Reached skill level 5 in Charms
 13691 | D        | Reached skill level 27 in Invocations
 14033 | D        | Received a gift from Nemelex Xobeh
 14118 | D        | Reached skill level 27 in Dodging
 14120 | D        | Reached skill level 5 in Evocations
 14140 | D        | Received a gift from Nemelex Xobeh
 14176 | D        | Received a gift from Nemelex Xobeh
 14189 | D        | Noticed Margery
 14666 | D        | HP: 1/79 [Margery/fireball (78)]
 15413 | D        | Killed Margery
 15413 | D        | Reached skill level 5 in Air Magic
 15546 | D        | Received a gift from Nemelex Xobeh
 15573 | D        | Reached skill level 15 in Fighting
 16166 | D        | Got a gossamer rune of Zot
 16179 | D        | Slain by an emperor scorpion
 16180 | D        | Reached XP level 15. HP: 0/78 MP: 33/33
 16316 | D        | Noticed Louise
 16320 | D        | Killed Louise
 16374 | D        | Killed Frederick
 16374 | D        | Reached XP level 16. HP: 32/84 MP: 34/34
 16729 | D        | Received a gift from Nemelex Xobeh
 17681 | D        | Reached skill level 10 in Evocations
 18343 | D        | Bought a potion of might for 56 gold pieces
 18343 | D        | Bought a potion of magic for 112 gold pieces
 18343 | D        | Bought a potion of curing for 42 gold pieces
 18343 | D        | Bought a potion of agility for 56 gold pieces
 18343 | D        | Bought a potion of ambrosia for 112 gold pieces
 18343 | D        | Bought a potion of brilliance for 56 gold pieces
 18343 | D        | Bought a potion of heal wounds for 70 gold pieces
 18343 | D        | Bought a potion of heal wounds for 70 gold pieces
 18343 | D        | Bought a potion of curing for 42 gold pieces
 19214 | D        | Got a decaying rune of Zot
 19228 | D        | Received a gift from Nemelex Xobeh
 19486 | D        | Reached skill level 10 in Charms
 19773 | D        | Got a serpentine rune of Zot
 19781 | D        | Noticed Ilsuiw
 20662 | D        | Reached skill level 15 in Spellcasting
 20889 | D        | Killed Ilsuiw
 20889 | D        | Reached skill level 10 in Necromancy
 21008 | D        | Got a barnacled rune of Zot
 21535 | D        | Noticed a tentacled monstrosity
 21535 | D        | Noticed a death cob
 21556 | D        | Killed a tentacled monstrosity
 21558 | D        | Noticed a Killer Klown
 21562 | D        | Noticed a titan
 21562 | D        | a Killer Klown changed into a titan
 21569 | D        | Killed a titan
 21587 | D        | Killed a death cob
 21787 | D        | Learned a level 2 spell: Slow
 21790 | D        | Received a gift from Nemelex Xobeh
 21807 | D        | Received a gift from Nemelex Xobeh
 21875 | D        | Received a gift from Nemelex Xobeh
 21901 | D        | Noticed an Orb Guardian
 21901 | D        | Noticed an Orb Guardian
 21901 | D        | Noticed an Orb Guardian
 21901 | D        | Noticed an Orb Guardian
 21901 | D        | Noticed an Orb Guardian
 21901 | D        | Noticed an Orb Guardian
 21902 | D        | Noticed an Orb Guardian
 21903 | D        | Killed an Orb Guardian
 21904 | D        | Noticed an Orb Guardian
 21905 | D        | Killed an Orb Guardian
 21906 | D        | Noticed an Orb Guardian
 21907 | D        | Killed an Orb Guardian
 21908 | D        | Noticed an Orb Guardian
 21909 | D        | Killed an Orb Guardian
 21915 | D        | Killed an Orb Guardian
 21923 | D        | Killed an Orb Guardian
 21923 | D        | Reached XP level 17. HP: 97/97 MP: 38/38
 21932 | D        | Killed an Orb Guardian
 21947 | D        | Killed an Orb Guardian
 22031 | D        | Killed an Orb Guardian
 22036 | D        | Killed an Orb Guardian
 22041 | D        | Noticed an Orb Guardian
 22041 | D        | Noticed an Orb Guardian
 22042 | D        | Noticed an Orb Guardian
 22044 | D        | Noticed an Orb Guardian
 22047 | D        | Killed an Orb Guardian
 22057 | D        | Killed an Orb Guardian
 22239 | D        | Killed an Orb Guardian
 22246 | D        | Killed an Orb Guardian
 22353 | D        | Noticed an ancient lich
 22355 | D        | Killed an ancient lich
 22357 | D        | Received a gift from Nemelex Xobeh
 22357 | D        | Noticed an orb of fire
 22359 | D        | Killed an orb of fire
 22366 | D        | Noticed an electric golem
 22393 | D        | Slain by an electric golem
 22394 | D        | Reached XP level 16. HP: -4/98 MP: 38/39
 22415 | D        | Received a gift from Nemelex Xobeh
 22473 | D        | Received a gift from Nemelex Xobeh
 22500 | D        | Received a gift from Nemelex Xobeh
 22509 | D        | Noticed a sphinx
 22509 | D        | Noticed a sphinx
 22509 | D        | Noticed a sphinx
 22509 | D        | Noticed a sphinx
 22509 | D        | Noticed a sphinx
 22509 | D        | Noticed a sphinx
 22510 | D        | Noticed a sphinx
 22511 | D        | Killed a sphinx
 22512 | D        | Noticed a sphinx
 22516 | D        | Killed a sphinx
 22527 | D        | HP: 3/98 [sphinx/divine providence (14)]
 22530 | D        | Killed from afar by a sphinx
 22531 | D        | Reached XP level 15. HP: -9/93 MP: 27/38
 22553 | D        | Received a gift from Nemelex Xobeh
 22582 | D        | Received a gift from Nemelex Xobeh
 22589 | D        | Noticed Geryon
 22591 | D        | Killed Geryon
 22595 | D        | Noticed Cerebov
 22595 | D        | Noticed Antaeus
 22596 | D        | Noticed Ereshkigal
 22601 | D        | Noticed Lom Lobon
 22605 | D        | Noticed a Tzitzimitl
 22915 | D        | Received a gift from Nemelex Xobeh
 22942 | D        | Gained mutation: You are weak. (Str -2) [a shining eye]
 22978 | D        | Got an abyssal rune of Zot
 23227 | D        | Noticed a greater mummy
 23227 | D        | Noticed a greater mummy
 23228 | D        | Received a gift from Nemelex Xobeh
 23229 | D        | Killed a greater mummy
 23229 | D        | Reached skill level 15 in Evocations
 23246 | D        | Noticed a greater mummy
 23340 | D        | Killed from afar by a hellion

Skill      XL: |  1  2  3  4  5  6  7  8  9 10 11 12 13 14 15 16 17 |
---------------+----------------------------------------------------+-----
Fighting       | 4 5 7 8 9 10 11 16 26 25 | 26.5
Dodging        | 6 7 9 10 11 12 14 15 16 19 20 22 27 | 27.0
Unarmed Combat | 7 9 11 12 13 15 17 19 22 25 27 | 27.0
Invocations    | 1 2 3 4 9 18 22 25 27 | 27.0
Stealth        | 3 6 8 10 14 19 23 27 | 27.0
Evocations     | 1 15 13 14 | 15.0
Spellcasting   | 5 6 8 19 16 18 | 19.3
Charms         | 2 4 9 12 13 | 13.7
Necromancy     | 2 5 6 8 13 12 | 13.3
Air Magic      | 2 3 7 8 |  8.7
Translocations | 1 3 11 4 | 11.6
Hexes          | 1 |  1.1

Action                   |  1- 3 |  4- 6 |  7- 9 | 10-12 | 13-15 | 16-18 || total
-------------------------+-------+-------+-------+-------+-------+-------++-------
Melee: Unarmed           |    20 |    22 |    78 |   310 |   262 |   472 ||  1164
       Bite              |     2 |     1 |    10 |    40 |    41 |    74 ||   168
       Punch             |       |     3 |     5 |    33 |    36 |    61 ||   138
 Cast: Animate Skeleton  |       |       |       |     4 |     7 |     2 ||    13
       Repel Missiles    |       |       |       |     1 |     3 |     1 ||     5
       Blink             |       |       |       |     1 |     7 |    10 ||    18
       Confusing Touch   |       |       |       |     1 |       |       ||     1
Evoke: Deck              |       |     2 |     3 |    47 |   189 |    33 ||   274
       Wand              |       |       |       |     1 |       |     3 ||     4
  Use: Potion            |       |       |     1 |     5 |     6 |    16 ||    28
       Scroll            |       |       |       |       |     3 |     1 ||     4
 Stab: Distracted        |       |       |     1 |     3 |     5 |    17 ||    26
       Sleeping          |       |       |       |     7 |    24 |    20 ||    51
       Petrified         |       |       |       |       |     1 |       ||     1
  Eat: Meat ration       |       |       |     1 |       |     1 |     3 ||     5
       Chunk             |       |       |     3 |     1 |    11 |       ||    15
Armor: Skin              |     2 |       |     6 |     7 |     6 |     3 ||    24
Dodge: Dodged            |    11 |    10 |    93 |   243 |   205 |   428 ||   990
       Deflected         |       |       |       |     1 |     6 |     3 ||    10
